 Dungeon Crawl Stone Soup version 0.21-a0-496-g696f58f (webtiles) character file.

47 lauthentik the Conjurer (level 3, -2/26 HPs)
             Began as a Draconian Conjurer on Nov 23, 2017.
             Slain by a gnoll
             ... wielding a +0 halberd
              (9 damage)
             ... on level 2 of the Dungeon.
             The game lasted 00:03:59 (1767 turns).

lauthentik the Conjurer (Draconian Conjurer)        Turns: 1767, Time: 00:04:00

Health: -2/26      AC:  5    Str: 10    XL:     3   Next: 48%
Magic:  6/6        EV: 12    Int: 16    God:
Gold:   103        SH:  0    Dex: 11    Spells: 5/6 levels left

rFire    . . .     SeeInvis .   h - +0 spear
rCold    . . .     Gourm    .   (no shield)
rNeg     . . .     Faith    .   (armour unavailable)
rPois    .         Spirit   .   (helmet restricted)
rElec    .         Reflect  .   (no cloak)
rCorr    .         Harm     .   (no gloves)
MR       .....                  (no boots)
Stlth    ++........             (no amulet)
HPRegen  0.08/turn              (no ring)
MPRegen  0.10/turn              (no ring)

@: no status effects
A: unfitting armour, cold-blooded, AC +5
a: no special abilities


You were on level 2 of the Dungeon.
You were not hungry.

You visited 1 branch of the dungeon, and saw 3 of its levels.

You collected 103 gold pieces.

Inventory:

Hand Weapons
 c - a +0 dagger
 g - a +0 whip
 h - a +0 spear (weapon)
Jewellery
 k - a +2 ring of evasion {unknown}
 q - a cursed amulet of inaccuracy {unknown}
Scrolls
 d - a scroll of fear {unknown}
 f - a scroll of magic mapping {unknown}
 j - a scroll of enchant armour {unknown}
 l - a scroll of enchant weapon {unknown}
 o - 2 scrolls of noise {unknown}
 p - 7 scrolls of identify {unknown}
Potions
 e - a potion of heal wounds {unknown}
 i - a potion of ambrosia {unknown}
 n - a potion of agility {unknown}
 t - a potion of flight {unknown}
 u - a potion of degeneration {unknown}
Books
 a - a book of Conjurations

   Spells                             Type                      Level
   a - Magic Dart                     Conjuration                  1
   b - Searing Ray                    Conjuration                  2
   c - Dazzling Spray                 Conjuration/Hexes            3
   d - Fulminant Prism                Conjuration/Hexes            4
   e - Force Lance                    Conjuration/Translocation    4
   f - Iskenderun's Mystic Blast      Conjuration                  4
Comestibles
 b - 3 bread rations
 m - a meat ration
 r - 2 royal jellies
 s - a chunk of flesh


   Skills:
 + Level 0.1 Fighting
 + Level 1.9 Dodging
 + Level 2.0 Stealth
 + Level 2.2 Spellcasting
 + Level 5.0 Conjurations


You had 5 spell levels left.
You knew the following spells:

 Your Spells              Type           Power        Failure   Level  Hunger
a - Magic Dart            Conj           ###.         2%          1    #......


Dungeon Overview and Level Annotations

Branches:
Dungeon (3/15)

Altars:


Innate Abilities, Weirdness & Mutations

Your plain brown scales are hard. (AC +5)
You cannot fit into any form of body armour.
You are cold-blooded and may be slowed by cold attacks.


Message History

You butcher the rat corpse.
s - a chunk of flesh You see here a rat skeleton.
There is an open door here.
There is a stone staircase leading down here.
You climb downwards.
The hobgoblin barely misses you. The gnoll closely misses you.
The hobgoblin misses you.
There is a stone staircase leading up here.
The quokka bites you but does no damage.
The gnoll hits you with a halberd. The hobgoblin barely misses you.
You climb upwards.
There is a stone staircase leading down here.
The quokka bites you but does no damage.
The gnoll hits you with a halberd!
* * * LOW HITPOINT WARNING * * *
The quokka barely misses you. The quokka closely misses you.
There is an open door here.
The gnoll hits you from afar with a halberd!
You die...

######.####.......#####.#
#.........#..#.#.....##.#
#.####.##....##.#.##.##.# #.#
#.##.<.....#.......# #.#
#.......####.##.#### #.#
####....####.##.# #.#
##.#...<..##.# #.# #.#####...#.#
#.# #@# ##......# ###.#
##r###.......# #...#
##gg.###.....## ###.###
##.....###...### ##....##
##...>...###.##.##
##..#...####.........##.#...###
...###....รท'..................#
##..#...####.........##.)...#.#
###....## ##.....<.###..#.##.#


You could see a gnoll, a quokka and a hobgoblin.

Vanquished Creatures
  An adder (D:2)
  2 oozes
  2 bats
  2 giant cockroaches (D:1)
  5 goblins (D:2)
  5 hobgoblins (D:2)
  2 frilled lizards (D:1)
  6 kobolds
  5 rats
30 creatures vanquished.

Notes
Turn   | Place    | Note
-------+----------+-------------------------------------------
     0 | D:1      | lauthentik the Draconian Conjurer began the quest for the Orb.
     0 | D:1      | Reached XP level 1. HP: 14/14 MP: 3/3
   181 | D:1      | Reached XP level 2. HP: 20/20 MP: 0/5
  1193 | D:2      | Reached XP level 3. HP: 26/26 MP: 4/6
  1616 | D:2      | Reached skill level 5 in Conjurations
  1767 | D:2      | Slain by a gnoll

Vault maps used:
D:1:      dpeg_arrival_tiny_j, dk_noncrumbling_3, hangedman_decor_growths
D:3:      nicolae_overflow_hidden_temple, fiery_altar_vehumet, uniq_grinder

Skill      XL: |  1  2  3 |
---------------+----------+-----
Conjurations   | 5 |  5.0
Stealth        | 2 |  2.0
Fighting       | |  0.1
Dodging        | |  1.9
Spellcasting   | |  2.2

Action                   || total
-------------------------++-------
Melee: Dagger            ||     6
       Spear             ||    18
 Cast: Magic Dart        ||    54
  Eat: Chunk             ||     3
Armor: Skin              ||     4
Dodge: Dodged            ||    26

Table legend:
 A = Spawn XP
 B = Non-spawn XP
 C = Spawn XP percentage of total XP
 D = Spawn monster count
 E = Non-spawn monster count
 F = Spawn count percentage of total count
 G = Total turns spent on level
                    A         B        C        D         E        F      G
               +---------+---------+-------+---------+---------+-------+---------
         Total |       0 |      68 |   0.0 |       0 |      30 |   0.0 |  1767
               +---------+---------+-------+---------+---------+-------+---------
           D:1 |       0 |      18 |   0.0 |       0 |       9 |   0.0 |   879
           D:2 |       0 |      50 |   0.0 |       0 |      21 |   0.0 |   883
               +---------+---------+-------+---------+---------+-------+---------
